 Dungeon Crawl Stone Soup version 0.22-a0-538-g76cc104 (webtiles) character file.

70 KristoblXynda the Sneak (level 4, -2/21 HPs)
             Began as a Spriggan Enchanter on June 23, 2018.
             Was an Initiate of Ashenzari.
             Slain by an ice beast (10 damage)
             ... on level 3 of the Dungeon.
             The game lasted 00:04:16 (1941 turns).

KristoblXynda the Sneak (Spriggan Enchanter)        Turns: 1941, Time: 00:04:17

Health: -2/21      AC:  2    Str:  5    XL:     4   Next: 3%
Magic:  4/10       EV: 18    Int: 16    God:    Ashenzari [......]
Gold:   93         SH:  0    Dex: 16    Spells: 4/10 levels left

rFire    + . .     SeeInvis +   a - +1 dagger
rCold    . . .     Gourm    .   (shield restricted)
rNeg     . . .     Faith    .   b - +0 robe
rPois    .         Spirit   .   (helmet restricted)
rElec    .         Reflect  .   (no cloak)
rCorr    .         Harm     .   (gloves unavailable)
MR       .....                  (boots unavailable)
Stlth    +++.......             (no amulet)
HPRegen  0.07/turn              l - ring of protection from fire
MPRegen  0.12/turn              (no ring)

@: very quick
A: very small, unfitting armour, see invisible, herbivore, speed 3, slow
metabolism 2
a: Curse Item, Renounce Religion


You were on level 3 of the Dungeon.
You worshipped Ashenzari.
Ashenzari was noncommittal.
You were not hungry.

You visited 1 branch of the dungeon, and saw 3 of its levels.

You collected 93 gold pieces.

Inventory:

Hand Weapons
 a - a +1 dagger (weapon)
Armour
 b - a +0 robe (worn)
Jewellery
 l - a ring of protection from fire (left hand)
Scrolls
 c - a scroll of fog {unknown}
 e - 2 scrolls of identify {unknown}
 f - a scroll of enchant armour {unknown}
 k - a scroll of teleportation {unknown}
Potions
 g - 3 potions of heal wounds {unknown}
 h - a potion of flight {unknown}
 i - a potion of lignification {unknown}
 j - 2 potions of might {unknown}
 m - a potion of curing {unknown}
 n - a potion of resistance {unknown}
Comestibles
 d - 2 rations


   Skills:
 - Level 1.1 Short Blades
 - Level 3.0 Dodging
 + Level 5.6 Stealth
 + Level 3.7 Spellcasting
 + Level 4.6 Hexes


You had 4 spell levels left.
You knew the following spells:

 Your Spells              Type           Power        Failure   Level  Hunger
a - Corona                Hex            ###....      2%          1    None
b - Ensorcelled Hibernat  Hex/Ice        ##....       11%         2    ##.....
c - Confuse               Hex            ###.....     8%          3    ###....

Your spell library contained the following spells:

 Spells                   Type           Power        Failure   Level  Hunger
 Tukima's Dance           Hex            ###.....     8%          3    ###....
 Dazzling Spray           Conj/Hex       ##....       21%         3    ###....


Dungeon Overview and Level Annotations

Branches:
Dungeon (3/15)

Altars:
Ashenzari
Gozag


Innate Abilities, Weirdness & Mutations

You are very small and have problems with some larger weapons.
You are too small for most types of armour.
You have supernaturally acute eyesight. (SInv)
You are a herbivore.
You cover ground extremely quickly.
You need to consume almost no food.


Message History

Aim: an ice beast (chance to defeat MR: 48%)
The ice beast resists with some effort.
Casting: Confuse (safe; 8% risk of failure)
Confirm with . or Enter, or press ? or * to list all spells.
Aiming: Confuse (safe; 8% risk of failure)
Press: ? - help, Shift-Dir - straight line, f/p - ice beast
Aim: an ice beast (chance to defeat MR: 48%)
The ice beast appears confused.
The ice beast barely misses you.
You barely miss the ice beast. You hit the ice beast but do no damage.
You catch the helpless ice beast completely off-guard!
You puncture the ice beast!
The ice beast is heavily wounded.
The ice beast barely misses you.
You hit the ice beast.
The ice beast is heavily wounded.
You hit the ice beast but do no damage.
The ice beast is heavily wounded.
The ice beast hits you. The ice beast freezes you!
You die...

#.....# #.....#
#.....########
##.........$$$#
###..........$_$.
#............$$$.
#...(..(......%..
#................
#.#......@.<....?..
#.........Y........
#.....(..........#.
#.###..............
#. #.##.#########.
. # #.....# .#
....#### ##...
..... ... ......


You could see an ice beast (confused).

Vanquished Creatures
  A gnoll (D:1)
  An adder (D:2)
  3 worms (D:2)
  A dart slug (D:2)
  3 leopard geckos
  5 bats
  3 giant cockroaches
  3 goblins (D:1)
  A hobgoblin (D:1)
  6 kobolds
  A quokka (D:2)
  2 ball pythons
  3 frilled lizards
  8 rats
41 creatures vanquished.

Notes
Turn   | Place    | Note
-------+----------+-------------------------------------------
     0 | D:1      | KristoblXynda the Spriggan Enchanter began the quest for the Orb.
     0 | D:1      | Reached XP level 1. HP: 9/9 MP: 5/5
   175 | D:1      | Reached XP level 2. HP: 10/13 MP: 7/7
   219 | D:1      | Learned a level 2 spell: Ensorcelled Hibernation
   227 | D:1      | Reached skill level 5 in Stealth
   978 | D:2      | Reached XP level 3. HP: 11/16 MP: 8/8
  1442 | D:2      | Found a shattered altar of Ashenzari.
  1491 | D:2      | Became a worshipper of Ashenzari the Shackled
  1901 | D:3      | Found an opulent altar of Gozag.
  1901 | D:3      | Noticed an ice beast
  1905 | D:3      | Reached XP level 4. HP: 21/21 MP: 10/10
  1929 | D:2      | Learned a level 3 spell: Confuse
  1941 | D:3      | Slain by an ice beast

Vault maps used:
D:1:      lightli_arrival_lavapool
D:2:      first_ration, nicolae_ashenzari_panopticon
D:3:      nicolae_gozag_seed_capital, uniq_grinder, uniq_ijyb

Skill      XL: |  1  2 |
---------------+-------+-----
Spellcasting   | 3 |  3.7
Stealth        | 5 |  5.6
Hexes          | 4 |  4.6
Short Blades   | |  1.1
Dodging        | |  3.0

Action                   |  1- 3 |  4- 6 || total
-------------------------+-------+-------++-------
Melee: Dagger            |   124 |     8 ||   132
 Cast: Ensorcelled Hiber |    14 |       ||    14
       Confuse           |       |     2 ||     2
 Stab: Sleeping          |    21 |     1 ||    22
       Confused          |       |     1 ||     1
Armor: Robe              |    20 |       ||    20
Dodge: Dodged            |    81 |     6 ||    87

Table legend:
 A = Spawn XP
 B = Non-spawn XP
 C = Spawn XP percentage of total XP
 D = Spawn monster count
 E = Non-spawn monster count
 F = Spawn count percentage of total count
 G = Total turns spent on level
                    A         B        C        D         E        F      G
               +---------+---------+-------+---------+---------+-------+---------
         Total |       0 |     100 |   0.0 |       0 |      41 |   0.0 |  1941
               +---------+---------+-------+---------+---------+-------+---------
           D:1 |       0 |      39 |   0.0 |       0 |      17 |   0.0 |   917
           D:2 |       0 |      57 |   0.0 |       0 |      20 |   0.0 |   988
           D:3 |       0 |       4 |   0.0 |       0 |       4 |   0.0 |    36
               +---------+---------+-------+---------+---------+-------+---------
